Map: King Sejong Station LE

Players

WardStar - Winner!

  • Race: Terran Terran
  • League: Silver

Gracz

  • Race: Protoss Protoss
  • League: Silver

VOD

Have the link to the VOD?

Description

Time

  • Played on: Oct. 12, 2016, 1:31 p.m.
  • Length: 21:48
Show
View Real Time Build Order
Export as new Build Order

WardStar Terran - Winner!

Build Orders:  

Get SALT Encoding   

  12  0:15  Supply Depot  
  12  0:43  Barracks  
  12  0:48  Barracks, SCV  
  13  1:00  SCV  
  14  1:06  Refinery  
  14  1:12  SCV  
  15  1:19  Refinery  
  15  1:25  SCV  
  16  1:36  Bunker  
  16  1:37  SCV  
  16  1:38  Marine  
  16  1:39  Marine  
  19  1:53  Supply Depot  
  19  2:07  Orbital Command  
  19  2:12  Marine  
  20  2:18  Marine  
  21  2:37  Barracks Reactor  
  21  2:38  Supply Depot  
  21  2:41  Marine  
  22  2:55  Factory  
  22  3:06  SCV  
  23  3:18  SCV  
  24  3:26  Barracks  
  24  3:30  SCV  
  25  3:40  Starport  
  25  3:42  SCV, Factory Tech Lab  
  26  3:51  Engineering Bay  
  26  3:54  Barracks Tech Lab  
  26  3:59  SCV  
  27  4:07  Siege Tank  
  30  4:15  Barracks Reactor  
  30  4:16  Marine  
  31  4:17  Marine  
  31  4:24  Medivac  
  34  4:38  Marine x3  
  36  4:40  Marine  
  37  4:58  Marine  
  38  5:05  Barracks Reactor  
  38  5:06  Marine  
  39  5:26  Command Center  
  39  5:41  Marine x2  
  41  5:54  Medivac  
  43  6:02  Marine  
  43  6:03  Marine x3  
  47  6:12  Supply Depot  
  47  6:20  Supply Depot  
  47  6:22  Terran Infantry Weapons Level 1  
  47  6:28  Combat Shields  
  47  6:33  Marine x4, Medivac  
  53  6:44  Sensor Tower  
  53  6:46  Orbital Command  
  53  6:51  Marine  
  54  6:58  Siege Tank  
  56  7:10  Supply Depot  
  56  7:13  Supply Depot  
  56  7:15  Barracks Reactor  
  56  7:18  Marine x2  
  56  7:19  Marine  
  59  7:30  SCV  
  60  7:42  SCV  
  61  7:54  SCV  
  49  8:28  Marine x5  
  54  8:41  SCV  
  54  8:45  Marine  
  54  8:46  Marine x4  
  60  8:54  SCV  
  59  9:03  Marine x2  
  59  9:04  Marine x3  
  59  9:06  SCV  
  59  9:18  SCV  
  59  9:21  Marine x3  
  59  9:22  Marine x2  
  61  9:30  SCV  
  62  9:39  Marine x4  
  62  9:40  Marine  
  67  9:50  Command Center  
  67  9:52  Barracks x2  
  67  9:57  Marine x5  
  72  10:15  Marine x2  
  73  10:27  Marine x3  
  72  10:32  Marine  
  72  10:33  Marine  
  74  10:41  Barracks  
  74  10:43  Barracks  
  74  10:44  Marine  
  74  10:45  Marine x2  
  55  11:24  Viking  
  55  11:29  Barracks Reactor  
  54  11:36  SCV  
  53  11:54  Viking  
  55  12:01  Barracks Reactor x2  
  55  12:02  Barracks Reactor, Marine x3  
  55  12:03  Marine x2  
  60  12:10  Siege Tank  
  63  12:19  Starport  
  63  12:20  Marine x2  
  64  12:24  Viking  
  65  12:44  Marine x5  
  65  12:45  Marine x7  
  65  12:46  Marine  
  78  12:54  Viking  
  80  13:02  Marine x5  
  80  13:04  Sensor Tower  
  85  13:06  Viking  
  87  13:19  Starport  
  87  13:24  Viking  
  89  13:27  Marine  
  89  13:28  Marine x2  
  92  13:36  Viking  
  92  13:40  SCV  
  95  13:53  SCV  
  95  13:54  Viking  
  98  13:58  Marine x4, Starport  
  98  13:59  Marine  
  103  14:05  SCV  
  103  14:06  Viking  
  103  14:07  Medivac  
  108  14:14  Terran Infantry Armor Level 1  
  108  14:17  SCV, Stimpack  
  109  14:24  Missile Turret  
  109  14:32  Medivac  
  109  14:36  Medivac  
  109  14:37  Medivac  
  115  14:44  Refinery  
  114  15:11  Refinery  
  93  15:52  Marine x2  
  93  15:53  Marine x5  
  93  15:54  Marine x6  
  96  16:10  Marine x3  
  96  16:11  Marine x6  
  98  16:12  Marine x4  
  100  16:28  Marine x5  
  100  16:29  Marine x5  
  100  16:30  Marine  
  108  16:46  Marine x5  
  108  16:47  Marine x4  
  117  16:58  Marine x3, Viking x2  
  83  19:04  Marine x4  
  83  19:05  Marine x7  
  83  19:06  Marine x2  
  93  19:22  Marine x6  
  93  19:23  Marine x6  
  93  19:24  Marine  
  100  19:40  Marine x7  
  100  19:41  Marine x2  
  109  19:59  Command Center  
  98  20:17  Marine x4  
  98  20:18  Marine x6  
  98  20:19  Marine x3  
  110  20:35  Marine x5  
  112  20:36  Marine x6  
  112  20:37  Marine x2  
Show
View Real Time Build Order
Export as new Build Order

Gracz Protoss 

Build Orders:  

Get SALT Encoding   

  12  0:02  Probe (Chrono Boost)  
  13  0:17  Pylon  
  13  0:24  Probe (Chrono Boost)  
  14  0:35  Probe (Chrono Boost)  
  15  0:36  Pylon  
  15  0:47  Gateway  
  15  0:57  Gateway  
  15  1:01  Probe (Chrono Boost)  
  16  1:08  Gateway  
  16  1:16  Assimilator  
  16  1:17  Probe (Chrono Boost)  
  17  1:27  Probe (Chrono Boost)  
  18  1:38  Probe (Chrono Boost)  
  19  1:50  Cybernetics Core  
  19  2:02  Nexus  
  19  2:11  Probe (Chrono Boost)  
  20  2:16  Warp Gate  
  20  2:17  Assimilator  
  21  2:23  Probe (Chrono Boost)  
  21  2:33  Pylon  
  20  2:48  Stalker  
  20  2:49  Stalker  
  24  2:56  Stalker  
  26  3:10  Probe (Chrono Boost)  
  27  3:22  Probe (Chrono Boost)  
  28  3:30  Probe (Chrono Boost)  
  30  3:35  Probe (Chrono Boost)  
  31  3:41  Probe (Chrono Boost)  
  31  3:45  Gateway  
  31  3:47  Probe (Chrono Boost)  
  32  3:52  Probe (Chrono Boost)  
  33  3:59  Probe (Chrono Boost)  
  33  4:02  Probe (Chrono Boost)  
  35  4:09  Robotics Facility  
  35  4:12  Probe (Chrono Boost)  
  35  4:13  Probe (Chrono Boost)  
  35  4:14  Robotics Facility  
  37  4:23  Probe (Chrono Boost)  
  37  4:24  Probe (Chrono Boost)  
  33  4:59  Probe (Chrono Boost)  
  35  5:00  Probe (Chrono Boost)  
  35  5:07  Gateway x2  
  35  5:09  Probe (Chrono Boost)  
  35  5:12  Probe (Chrono Boost)  
  37  5:14  Stargate  
  37  5:15  Stargate  
  37  5:26  Mothership Core (Chrono Boost), Pylon  
  39  5:30  Pylon  
  39  5:33  Pylon  
  39  5:38  Pylon  
  39  5:45  Stalker x2  
  39  5:46  Stalker  
  39  5:49  Stalker  
  47  5:51  Nexus  
  47  6:00  Gateway  
  47  6:04  Twilight Council  
  47  6:21  Robotics Bay  
  47  6:22  Warp Prism  
  49  6:30  Assimilator  
  49  6:32  Probe (Chrono Boost)  
  51  6:33  Assimilator, Probe (Chrono Boost)  
  51  6:34  Stalker  
  53  6:45  Probe (Chrono Boost)  
  54  6:50  Immortal  
  58  6:57  Pylon  
  58  7:01  Pylon  
  58  7:03  Probe x2 (Chrono Boost)  
  58  7:04  Assimilator, Probe (Chrono Boost)  
  61  7:09  Assimilator  
  61  7:10  Stalker  
  61  7:11  Stalker  
  61  7:13  Probe x2 (Chrono Boost)  
  68  7:16  Probe (Chrono Boost)  
  68  7:24  Stalker x2, Probe x2 (Chrono Boost)  
  68  7:28  Probe (Chrono Boost)  
  68  7:29  Warp Prism  
  77  7:49  Probe x2 (Chrono Boost)  
  77  7:50  Probe (Chrono Boost)  
  80  8:00  Probe x2 (Chrono Boost)  
  80  8:03  Probe (Chrono Boost)  
  79  8:10  Probe (Chrono Boost)  
  74  8:15  Probe (Chrono Boost)  
  63  8:27  Stalker  
  63  8:28  Stalker x5  
  63  8:31  Stalker  
  63  8:34  Disruptor, Blink  
  77  8:37  Void Ray  
  74  9:41  Colossus x2  
  74  9:43  Void Ray  
  90  10:06  Nexus  
  90  10:29  Nexus  
  90  10:38  Stalker x2  
  72  11:41  Probe x2 (Chrono Boost)  
  72  11:42  Probe (Chrono Boost)  
  75  11:51  Probe x2 (Chrono Boost)  
  78  11:54  Probe (Chrono Boost)  
  78  12:02  Probe x2 (Chrono Boost)  
  78  12:06  Probe (Chrono Boost)  
  81  12:16  Stalker  
  81  12:17  Stalker x5  
  81  12:18  Stalker, Probe (Chrono Boost)  
  92  12:55  Stalker  
  92  12:56  Stalker x2  
  94  12:58  Stalker  
  94  12:59  Stalker x3  
  94  13:05  Void Ray x2  
  110  13:09  Fleet Beacon  
  110  13:22  Immortal  
  114  13:29  Nexus  
  114  13:32  Pylon  
  114  13:33  Robotics Facility  
  114  13:35  Robotics Facility  
  114  13:36  Pylon  
  114  13:37  Robotics Facility  
  114  13:39  Pylon  
  114  13:40  Stargate  
  114  13:42  Stargate  
  114  13:48  Void Ray  
  114  13:51  Immortal  
  122  14:09  Stalker  
  124  14:10  Stalker x2  
  124  14:11  Stalker x2  
  132  14:36  Tempest  
  132  14:37  Tempest x2  
  132  14:42  Tempest  
  148  15:14  Tempest x2  
  148  15:24  Tempest  
  120  15:42  Stalker  
  106  15:43  Stalker x4  
  106  15:44  Stalker x2  
  86  16:17  Stalker x4  
  86  16:18  Stalker x2  
  72  16:45  Tempest x2  
  72  16:51  Tempest  
  72  16:52  Warp Prism  
  86  17:12  Assimilator  
  64  17:23  Stalker x5  
  64  17:24  Stalker x2  
  37  18:09  Stalker  
  37  18:12  Stalker x3  
  29  18:37  Stalker  
  29  18:41  Stalker x3  
  29  20:16  Gateway x2  
  29  20:17  Gateway  
  20  21:16  Pylon  
Tags
 
Add a new tag
Caveats
  • Supply blocks, unpowered buildings, or Contaminate may cause inaccurate times.
  • Supply counts are checked every 10 seconds.